[Event "Team 45 45 League T42"]
[Site "Internet Chess Club"]
[Date "2009.09.05"]
[Round "6"]
[White "Portola"]
[Black "fishhead"]
[Result "0-1"]
[WhiteElo "1735"]
[BlackElo "1880"]
[Opening "Queen's pawn: Torre attack"]
[ECO "A46"]
[Time "12:00:20"]
[TimeControl "2700+45"]

1. d4 Nf6 2. Nf3 e6 3. Bg5 h6 4. Bh4 b6 5. e3 Bb7 6. Nbd2 Be7 7. Bd3 d6 8. Qe2
Nbd7 9. h3 c5 10. c3 O-O 11. O-O Qc7 12. Bg3 a6 13. Rac1 b5 14. b3 e5 15. e4 g5
16. Nh2 Kg7 17. Ng4 Rh8 18. Ne3 Rag8 19. Nf5+ Kf8 20. dxe5 dxe5 21. c4 b4 22.
Rfd1 h5 23. f3 h4 24. Bh2 Nh5 25. Nf1 Nf4 26. Bxf4 gxf4 27. Nh2 Nf6 28. Qd2 Bc8
29. Nxe7 Kxe7 30. Bf1 Bxh3 31. Kh1 Be6 32. Qf2 h3 33. gxh3 Bxh3 34. Bxh3 Rxh3
35. Rg1 Rgh8 36. Rg2 Nh5 37. Rd1 Ng3+ 38. Kg1 Rd8 39. Rd5 Rxd5 40. cxd5 Qd6 41.
Qd2 f5 42. exf5 Nxf5 43. Ng4 Nh4 44. Qd3 Nxf3+ 45. Kf2 c4 46. Qxc4 Qb6+ 47. Ke2
Nd4+ 48. Kd2 Rc3 49. Qf1 Nxb3+ 50. axb3 Qd4+ 51. Ke2 f3+ 52. Qxf3 Rxf3 53. Kxf3
Qxd5+ 54. Kg3 Qxb3+ 55. Kh4 Qf3 56. Rg3 Qxg3+ 57. Kxg3 b3 {White resigns} 0-1

[Event "Team 45 45 League T42"]
[Site "Internet Chess Club"]
[Date "2009.09.07"]
[Round "6"]
[White "CREDITorDEBIT"]
[Black "BraafPaard"]
[Result "1-0"]
[WhiteElo "1725"]
[BlackElo "1568"]
[Opening "Philidor: Philidor counter-gambit, Zukertort variation"]
[ECO "C40"]
[Time "19:03:36"]
[TimeControl "2700+45"]

1. e4 e5 2. Nf3 f5 3. Nc3 d6 4. d4 exd4 5. Nxd4 fxe4 6. Nxe4 Qe7 7. Qe2 d5 8.
Ng5 Qxe2+ 9. Bxe2 c6 10. Bf4 Bb4+ 11. c3 Ba5 12. O-O Nf6 13. Nge6 Bxe6 14. Nxe6
Kf7 15. Ng5+ Ke8 16. Bd3 Ne4 17. Rae1 Nd7 18. f3 h6 19. Nh3 g5 20. Bd6 g4 21.
Nf4 gxf3 22. gxf3 Nf6 23. fxe4 Kd7 24. e5 Bb6+ 25. Kh1 Ng4 26. Bf5+ {Black
resigns} 1-0

[Event "Team 45 45 League T42"]
[Site "Internet Chess Club"]
[Date "2009.09.06"]
[Round "6"]
[White "Despair"]
[Black "kenjr"]
[Result "0-1"]
[WhiteElo "1893"]
[BlackElo "1913"]
[Opening "Benko's opening"]
[ECO "A00"]
[Time "09:38:22"]
[TimeControl "2700+45"]

1. g3 g6 2. c3 Bg7 3. d4 d5 4. Bg2 Nf6 5. Nd2 O-O 6. Ngf3 Bd7 7. Qb3 Bc8 8. O-O
c6 9. Ne5 Nbd7 10. Nxd7 Nxd7 11. Nf3 e5 12. dxe5 Nxe5 13. Nxe5 Bxe5 14. Bh6 Bg7
15. Bxg7 Kxg7 16. Rfe1 Qb6 17. Qxb6 axb6 18. e4 dxe4 19. Bxe4 Be6 20. a3 Rfd8
21. Rad1 Kf6 22. f4 h5 23. h4 Bg4 24. Rxd8 Rxd8 25. c4 Rd2 26. b3 Ra2 27. a4 Rb2
28. Rb1 Rxb1+ 29. Bxb1 Bd1 30. Ba2 Kf5 31. Kf2 Ke4 32. Ke1 Bg4 33. Kf2 Kd3 34.
b4 Kc3 35. b5 Kb2 36. bxc6 bxc6 37. c5 Kxa2 38. cxb6 Bc8 39. Ke3 Kb3 40. Kd4 Kb4
{White resigns} 0-1

[Event "Team 45 45 League T42"]
[Site "Internet Chess Club"]
[Date "2009.09.04"]
[Round "6"]
[White "quotha"]
[Black "Spencer"]
[Result "0-1"]
[WhiteElo "1616"]
[BlackElo "1805"]
[Opening "Dutch, Korchnoi attack"]
[ECO "A80"]
[Time "16:00:20"]
[TimeControl "2700+45"]

1. d4 f5 2. h3 Nf6 3. Bf4 e6 4. Nf3 d6 5. Nc3 Be7 6. e3 O-O 7. Bc4 h6 8. Qd2 c6
9. O-O-O b5 10. Bd3 Qa5 11. g4 b4 12. Nb1 c5 13. g5 Ne4 14. Bxe4 fxe4 15. gxh6
exf3 16. Rdg1 Rf7 17. Qd3 Bf8 18. Qg6 Qc7 19. dxc5 e5 20. cxd6 Bxd6 21. Bg5 Bf5
22. Qxf7+ Kxf7 23. c3 bxc3 24. Nxc3 Kg8 25. Bf6 g6 26. Rg5 Be7 27. Bxe7 Qxe7 28.
Rhg1 Kh7 29. e4 Kxh6 30. h4 Na6 31. exf5 Rg8 32. Ne4 Qc7+ 33. Kb1 Qf7 34. fxg6
Qd5 35. Nf6 Qd3+ 36. Ka1 Rd8 37. Rh5+ Kg7 38. Rh7+ Kxf6 39. Rf7+ Ke6 40. a3 Qc2
41. Rxa7 Rd1+ 42. Rxd1 Qxd1+ 43. Ka2 Nc5 44. h5 Qb3+ 45. Kb1 Nd3 46. Ra6+ Kf5
{White resigns} 0-1

[Event "Team 45 45 League T42"]
[Site "Internet Chess Club"]
[Date "2009.09.04"]
[Round "6"]
[White "jolin54"]
[Black "pelayo"]
[Result "0-1"]
[WhiteElo "1447"]
[BlackElo "1696"]
[Opening "Queen's Indian defense"]
[ECO "A47"]
[Time "23:33:30"]
[TimeControl "2700+45"]

1. d4 Nf6 2. Nf3 b6 3. Bg5 Bb7 4. e3 h6 5. Bh4 g5 6. Bg3 Ne4 7. Be5 f6 8. Bg3
Bg7 9. h4 Nxg3 10. fxg3 g4 11. Nh2 h5 12. Bc4 f5 13. Qe2 c5 14. Rf1 e6 15. c3 d5
16. Bb5+ Nc6 17. c4 a6 18. Ba4 cxd4 19. exd4 Qd6 20. c5 Qxg3+ 21. Rf2 Kf7 22.
Nf1 Qxh4 23. Bb3 Bxd4 24. g3 Bxf2+ 25. Qxf2 Qf6 26. cxb6 Nd4 27. Bd1 Qe5+ 28.
Ne3 Nf3+ 29. Bxf3 gxf3 30. Qxf3 Qxb2 31. Nxf5 exf5 32. Qxf5+ Qf6 33. Qc2 Rac8
34. Qa4 Rhe8+ 35. Kd1 Qf1+ 36. Kd2 Qe2# {White checkmated} 0-1

[Event "Team 45 45 League T42"]
[Site "Internet Chess Club"]
[Date "2009.09.06"]
[Round "6"]
[White "dscvdchk"]
[Black "SATELLITE-DAN"]
[Result "1-0"]
[WhiteElo "1630"]
[BlackElo "1707"]
[Opening "Queen's pawn game"]
[ECO "E10"]
[Time "10:03:26"]
[TimeControl "2700+45"]

1. d4 Nf6 2. c4 e6 3. Nf3 d5 4. e3 c6 5. Bd3 dxc4 6. Bxc4 b5 7. Bd3 a6 8. O-O c5
9. dxc5 Bxc5 10. Qc2 Nbd7 11. Rd1 Qe7 12. Nc3 Bb7 13. Ne4 Ba7 14. Nxf6+ Nxf6 15.
Qe2 O-O 16. a3 e5 17. e4 Ng4 18. Rf1 f5 19. h3 Nf6 20. Nd2 f4 21. Nf3 Nh5 22.
Kh2 Rad8 23. b4 Nf6 24. Bb2 Nd7 25. Rad1 Bb8 26. Bc2 h6 27. Bb3+ Kh7 28. Bd5
Bxd5 29. Rxd5 Nf6 30. Rxd8 Rxd8 31. Nh4 Qd7 32. f3 Nh5 33. Qf2 Ba7 34. Qc2 Ng3
35. Re1 Bd4 36. Bxd4 Qxd4 37. Nf5 Nxf5 38. exf5 Kg8 39. Re4 Qd6 40. Qb3+ Kh8 41.
Qb2 Re8 42. Qc3 Qf6 43. Qc5 Qxf5 44. Qc6 Re6 45. Qc8+ Kh7 46. Qd7 Qg6 47. Qd1
Qg3+ 48. Kh1 Rg6 49. Re2 Re6 50. Qe1 Qg5 51. Re4 Qe7 52. Qc3 Qd6 53. Qe1 h5 54.
Qb1 Kh6 55. Qc2 g5 56. Qe2 Kg6 57. Qc2 Kf6 58. Qc3 g4 59. fxg4 hxg4 60. Rxf4+
Ke7 61. Rxg4 Rf6 62. Rg7+ Kf8 63. Qg3 Qd5 64. Rg5 Re6 65. Rg8+ Ke7 66. Qg7+
{Black resigns} 1-0

[Event "Team 45 45 League T42"]
[Site "Internet Chess Club"]
[Date "2009.09.06"]
[Round "6"]
[White "alaskauk"]
[Black "UriahHeep"]
[Result "1-0"]
[WhiteElo "1533"]
[BlackElo "1327"]
[Opening "Ruy Lopez: Anderssen variation"]
[ECO "C77"]
[Time "15:02:59"]
[TimeControl "2700+45"]

1. e4 e5 2. Nf3 Nc6 3. Bb5 a6 4. Ba4 Nf6 5. d3 b5 6. Bb3 Be7 7. a3 O-O 8. O-O d6
9. Bg5 Bg4 10. Bxf6 Bxf6 11. Bd5 Bd7 12. Nbd2 Rb8 13. Re1 Nd4 14. Nxd4 exd4 15.
Qf3 c6 16. Ba2 Be5 17. h3 Qf6 18. Qxf6 Bxf6 19. Nf3 Be6 20. Bxe6 fxe6 21. e5
dxe5 22. Nxe5 Bxe5 23. Rxe5 Rbe8 24. Rae1 Rf6 25. R1e4 h6 26. Rxd4 Ref8 27. Re2
c5 28. Rd6 a5 29. Rdxe6 Rf5 30. R6e5 g6 31. Rxf5 Rxf5 32. Re6 Kg7 33. Ra6 a4 34.
f3 Re5 35. Kf2 Rd5 36. Re6 Kf7 37. Rb6 c4 38. Ke2 cxd3+ 39. cxd3 h5 40. g4 hxg4
41. hxg4 g5 42. Ke3 Ke7 43. Ke4 Rc5 44. Kd4 Rc2 45. Rxb5 Rf2 46. Ke3 {Black
resigns} 1-0

[Event "Team 45 45 League T42"]
[Site "Internet Chess Club"]
[Date "2009.09.06"]
[Round "6"]
[White "arconia"]
[Black "malihini"]
[Result "0-1"]
[WhiteElo "1339"]
[BlackElo "1262"]
[Opening "Caro-Kann defense"]
[ECO "B10"]
[Time "21:00:11"]
[TimeControl "2700+45"]

1. e4 c6 2. Nf3 Nf6 3. d3 d5 4. Nc3 dxe4 5. dxe4 Qxd1+ 6. Nxd1 Nxe4 7. Bd3 Nf6
8. O-O Bg4 9. Ne5 Bxd1 10. Rxd1 Nbd7 11. Nxd7 Nxd7 12. Be3 e6 13. Rd2 Bc5 14.
Rf1 Bxe3 15. fxe3 O-O 16. Rdf2 Ne5 17. Be2 Rad8 18. Bd1 Nc4 19. Bh5 g6 20. Bg4
Nxe3 21. Be2 Nxf1 22. Rxf1 Rd2 23. Bd3 f5 24. h4 e5 25. h5 Kg7 26. Re1 e4 27.
Be2 Rfd8 28. g4 f4 29. g5 f3 30. h6+ Kf7 31. Bc4+ Kf8 32. Rxe4 Rg2+ 33. Kf1 Rd1+
34. Re1 Rxe1+ 35. Kxe1 Rxc2 36. b4 Rxc4 {White resigns} 0-1

[Event "Team 45 45 League T42"]
[Site "Internet Chess Club"]
[Date "2009.09.06"]
[Round "6"]
[White "dpmdpm"]
[Black "seldredg"]
[Result "0-1"]
[WhiteElo "1329"]
[BlackElo "1434"]
[Opening "Scandinavian: Pytel-Wade variation"]
[ECO "B01"]
[Time "12:01:24"]
[TimeControl "2700+45"]

1. e4 d5 2. exd5 Qxd5 3. Nc3 Qd6 4. Nf3 Nf6 5. Bc4 a6 6. O-O b5 7. Bb3 e6 8. d4
Bb7 9. Re1 c5 10. dxc5 Qxd1 11. Rxd1 Bxc5 12. Ne5 O-O 13. Rd3 Nc6 14. Nxc6 Bxc6
15. Be3 Bxe3 16. Rxe3 Rad8 17. Rd1 Rxd1+ 18. Nxd1 Rd8 19. Rd3 Rxd3 20. cxd3 Kf8
21. Ne3 Ke7 22. Kf1 g6 23. g3 Kd6 24. d4 a5 25. Bd1 Ne4 26. Ke2 f5 27. f3 Ng5
28. f4 Bf3+ 29. Ke1 Bxd1 30. Kxd1 Nf3 31. h4 Nxd4 32. b3 e5 33. fxe5+ Kxe5 34.
Nc2 Nf3 35. Ke2 Ke4 36. b4 axb4 37. Nxb4 h6 38. Nd3 Nd4+ 39. Kd2 g5 40. hxg5
hxg5 41. Nf2+ Kf3 42. Nh1 Ne2 43. Ke1 Nxg3 44. Nxg3 Kxg3 45. Kf1 f4 46. Ke1 Kg2
47. Ke2 f3+ {White resigns} 0-1

[Event "Team 45 45 League T42"]
[Site "Internet Chess Club"]
[Date "2009.09.04"]
[Round "6"]
[White "juniorVishy"]
[Black "OOB1"]
[Result "0-1"]
[WhiteElo "1485"]
[BlackElo "1548"]
[Opening "QGD semi-Slav"]
[ECO "D43"]
[Time "20:34:51"]
[TimeControl "2700+45"]

1. d4 d5 2. c4 c6 3. Nc3 Nf6 4. Nf3 e6 5. Bg5 Be7 6. e3 h6 7. Bh4 dxc4 8. Bxc4
b5 9. Bd3 b4 10. Ne2 O-O 11. O-O Bb7 12. Rc1 Nbd7 13. Qb3 c5 14. Bxf6 Bxf6 15.
dxc5 Bxf3 16. gxf3 a5 17. c6 Ne5 18. Be4 Qc7 19. Ng3 Rfe8 20. Rfd1 Rad8 21. Rxd8
Bxd8 22. f4 Nd7 23. Kg2 Nf6 24. Bf3 e5 25. fxe5 Qxe5 26. Qc2 Bc7 27. Qc5 Qxb2
28. Rc2 Qa1 29. Qa7 Qe5 30. Rc5 Qd6 31. Qa6 Qxc5 32. Qb7 Qd6 33. Qb5 Qe5 34. Qe2
Nd5 35. Qc4 Rd8 36. Bg4 Nf6 37. Bf3 Qg5 38. Qa6 h5 39. Qb7 Qe5 40. h4 g6 41. Qa6
Rd2 42. Qa8+ Kg7 43. Qa7 Qxg3+ 44. Kf1 Qxf2# {White checkmated} 0-1

[Event "Team 45 45 League T42"]
[Site "Internet Chess Club"]
[Date "2009.09.03"]
[Round "6"]
[White "guyd52"]
[Black "ImTbone"]
[Result "0-1"]
[WhiteElo "1338"]
[BlackElo "1327"]
[Opening "Réti: King's Indian attack (Barcza system)"]
[ECO "A07"]
[Time "18:00:17"]
[TimeControl "2700+45"]

1. Nf3 d5 2. g3 Nc6 3. Bg2 e5 4. d3 Nf6 5. O-O Bc5 6. Nbd2 O-O 7. a3 Bf5 8. Re1
Ng4 9. e3 Re8 10. h3 Nf6 11. Nh4 Be6 12. b4 Bb6 13. Bb2 a6 14. c4 d4 15. Nhf3
dxe3 16. fxe3 Qxd3 17. c5 Ba7 18. Nxe5 Nxe5 19. Bxe5 c6 20. e4 Bb8 21. Bf1 Qd7
22. Bxf6 gxf6 23. Kh2 Be5 24. Nc4 Bxa1 25. Nd6 Be5 26. Nxe8 Qxd1 27. Rxd1 Rxe8
28. Bg2 Kh8 29. Rd3 Bc7 30. Rf3 Kg7 31. Bf1 Rd8 32. Rf2 Rd4 33. Bg2 Rd3 34. Rf3
Rxf3 35. Bxf3 Be5 36. Be2 Bb2 37. a4 Bb3 38. b5 Bxa4 39. bxa6 bxa6 40. Bxa6 Ba3
41. Bc8 Bc2 42. Ba6 Bxe4 43. Bc4 Bxc5 44. g4 Bd5 45. Ba6 Kg6 46. h4 f5 47. Bd3
Be4 48. gxf5+ Kxf5 49. Bc4 Bd5 50. Bd3+ Kg4 51. Bxh7 Kxh4 52. Be4 Kg4 53. Bd3 f5
54. Be2+ Kg5 55. Kg3 f4+ 56. Kh3 f3 57. Bf1 f2 58. Kg3 Bd4 59. Be2 c5 60. Bf1 c4
61. Be2 c3 62. Bd3 c2 63. Bxc2 f1=Q 64. Bd1 Qg1+ 65. Kh3 Qg2# {White checkmated}
0-1

[Event "Team 45 45 League T42"]
[Site "Internet Chess Club"]
[Date "2009.09.04"]
[Round "6"]
[White "rook9999"]
[Black "wekabird"]
[Result "1-0"]
[WhiteElo "1422"]
[BlackElo "1249"]
[Opening "King's pawn opening"]
[ECO "B07"]
[Time "20:00:48"]
[TimeControl "2700+45"]

1. e4 d6 2. d4 c6 3. Nc3 d5 4. exd5 cxd5 5. Nf3 e6 6. Bf4 Nc6 7. Bd3 Nf6 8. O-O
Be7 9. Nb5 O-O 10. Re1 a6 11. Nc3 Bd7 12. Qd2 Bb4 13. a3 Bxc3 14. Qxc3 Rc8 15.
Qd2 Na5 16. Bd6 Re8 17. Ne5 Bb5 18. Bxb5 axb5 19. Bb4 Nc4 20. Nxc4 bxc4 21. Bc5
Ne4 22. Qb4 Nxc5 23. dxc5 Qc7 24. Re3 g6 25. Qb5 Ra8 26. b3 Ra5 27. Qxe8+ Kg7
28. b4 Ra7 29. Qb5 Ra8 30. a4 Rb8 31. Rf3 b6 32. cxb6 Rxb6 33. Qc5 Rc6 34. Qd4+
Kg8 35. a5 c3 36. Ra3 e5 37. Qe3 d4 38. Qd3 Rc4 39. b5 Rb4 40. g3 Qb7 41. a6 Qe7
42. Qf1 e4 43. Rf4 Rb2 44. Ra4 e3 45. a7 exf2+ 46. Rxf2 Qe3 47. a8=Q+ Kg7 48.
Qf3 Qxf3 49. Rxf3 Rxc2 50. Rxf7+ Kh6 51. Qf4+ g5 52. Qf6+ Kh5 53. Rxh7+ Kg4 54.
Rxd4# {Black checkmated} 1-0

[Event "Team 45 45 League T42"]
[Site "Internet Chess Club"]
[Date "2009.09.06"]
[Round "6"]
[White "WilmaP"]
[Black "rayspokemon"]
[Result "1-0"]
[WhiteElo "1255"]
[BlackElo "1397"]
[Opening "Ruy Lopez: Berlin defense"]
[ECO "C65"]
[Time "08:02:23"]
[TimeControl "2700+45"]

1. e4 e5 2. Nf3 Nc6 3. Bb5 Nf6 4. d3 d6 5. O-O Bd7 6. Re1 a6 7. Ba4 b5 8. Bb3
Be6 9. c4 b4 10. a3 a5 11. Ba4 Bd7 12. Be3 Be7 13. Bb3 O-O 14. Nbd2 Be6 15. Nf1
Nd7 16. d4 Nb6 17. d5 a4 18. Ba2 b3 19. Bb1 Nxc4 20. dxe6 Nxe3 21. Nxe3 fxe6 22.
Bd3 d5 23. Ng4 Bh4 24. Rf1 Bf6 25. Qb1 Qe8 26. exd5 exd5 27. Bxh7+ Kh8 28. Bg6
Qe6 29. Bf5 Qf7 30. Rc1 Be7 31. Rxc6 Qf6 32. Nxf6 {Black resigns} 1-0

[Event "Team 45 45 League T42"]
[Site "Internet Chess Club"]
[Date "2009.09.03"]
[Round "6"]
[White "fishhead"]
[Black "rubo"]
[Result "0-1"]
[WhiteElo "1848"]
[BlackElo "1709"]
[Opening "Caro-Kann: two knights, 3...Bg4"]
[ECO "B10"]
[Time "14:00:25"]
[TimeControl "2700+45"]

1. e4 c6 2. Nf3 d5 3. Nc3 Bg4 4. h3 Bxf3 5. Qxf3 Nf6 6. e5 Nfd7 7. Qg3 e6 8. Be2
c5 9. O-O Nc6 10. f4 a6 11. d3 Nd4 12. Bd1 Qc7 13. Ne2 Nxe2+ 14. Bxe2 b5 15. Bd2
g6 16. a4 b4 17. c4 dxc4 18. dxc4 Bg7 19. b3 O-O 20. Rad1 Rad8 21. Be3 a5 22.
Rd6 Nb8 23. Rfd1 Rxd6 24. Rxd6 Rc8 25. Qf2 Bf8 26. Rd3 Rd8 27. Rxd8 Qxd8 28.
Bxc5 Na6 29. Qd4 Bxc5 {White resigns} 0-1

[Event "Team 45 45 League T42"]
[Site "Internet Chess Club"]
[Date "2009.09.03"]
[Round "6"]
[White "rayngrant"]
[Black "isolani"]
[Result "0-1"]
[WhiteElo "1588"]
[BlackElo "1606"]
[Opening "Sicilian: Taimanov variation"]
[ECO "B46"]
[Time "21:02:46"]
[TimeControl "2700+45"]

1. e4 c5 2. Nf3 e6 3. d4 cxd4 4. Nxd4 a6 5. Nc3 Nc6 6. Nxc6 bxc6 7. Be2 Qc7 8.
O-O Nf6 9. f4 d6 10. f5 exf5 11. exf5 d5 12. Bd3 Be7 13. Kh1 O-O 14. g4 Bd6 15.
Rf2 Re8 16. g5 Ne4 17. Nxe4 dxe4 18. Bc4 e3 19. Qe2 Qe7 20. g6 exf2 21. gxf7+
Kf8 22. fxe8=Q+ Qxe8 23. Qxf2 Qe4+ 24. Kg1 Qxc4 25. Be3 Qg4+ 26. Kf1 Qxf5 27. h4
Qxf2+ 28. Bxf2 Bf5 29. c3 Bd3+ 30. Kg2 Be4+ 31. Kf1 Bf3 32. b3 Re8 33. c4 Re2
34. a4 Rb2 {White resigns} 0-1

[Event "Team 45 45 League T42"]
[Site "Internet Chess Club"]
[Date "2009.09.10"]
[Round "6"]
[White "SpeedBlade"]
[Black "BenjaminSisko"]
[Result "1/2-1/2"]
[WhiteElo "1412"]
[BlackElo "1545"]
[Opening "English: symmetrical variation"]
[ECO "A30"]
[Time "20:05:23"]
[TimeControl "2700+45"]

1. c4 c5 2. g3 Nf6 3. Bg2 e6 4. Nf3 Be7 5. O-O O-O 6. Nc3 Nc6 7. d4 cxd4 8. Nxd4
Rb8 9. Nxc6 dxc6 10. Bf4 Ra8 11. Qxd8 Rxd8 12. Rfd1 Bd7 13. Bd6 Kf8 14. Rd2 Be8
15. Bxe7+ Kxe7 16. Rad1 Rxd2 17. Rxd2 Rd8 18. Rxd8 Kxd8 19. Ne4 Nxe4 20. Bxe4 g6
21. f4 Kc7 {Game drawn by mutual agreement} 1/2-1/2

[Event "Team 45 45 League T42"]
[Site "Internet Chess Club"]
[Date "2009.09.05"]
[Round "6"]
[White "smsxman"]
[Black "joshtournman"]
[Result "1-0"]
[WhiteElo "1614"]
[BlackElo "1482"]
[Opening "Four knights game"]
[ECO "C47"]
[Time "13:01:17"]
[TimeControl "2700+45"]

1. e4 e5 2. Nf3 Nc6 3. Nc3 Nf6 4. d3 Bc5 5. Be2 O-O 6. O-O d6 7. Bg5 h6 8. Bh4
Be6 9. a3 Nd4 10. Nxd4 Bxd4 11. Qe1 g5 12. Bg3 c6 13. Rb1 Bg4 14. Nd1 Bxe2 15.
Qxe2 b5 16. c3 Bb6 17. b3 a5 18. Ne3 Bxe3 19. fxe3 Kg7 20. h3 Qe7 21. Qf3 Qe6
22. d4 exd4 23. e5 dxe5 24. exd4 e4 25. Qe2 Nd5 26. Qe1 Rab8 27. Bxb8 Rxb8 28.
c4 bxc4 29. bxc4 Rxb1 30. Qxb1 Ne3 31. d5 cxd5 32. Qb2+ Kh7 33. cxd5 Nxd5 34.
Qb7 Kg6 35. Rc1 Qe5 36. Qc6+ f6 37. Qc5 a4 38. Rd1 Nf4 39. Qxe5 fxe5 40. Rd6+
Kf5 41. g4# {Black checkmated} 1-0

[Event "Team 45 45 League T42"]
[Site "Internet Chess Club"]
[Date "2009.09.04"]
[Round "6"]
[White "quaksterjohny"]
[Black "TheronUAL"]
[Result "1-0"]
[WhiteElo "1508"]
[BlackElo "1508"]
[Opening "Caro-Kann: Steinitz variation"]
[ECO "B17"]
[Time "16:34:10"]
[TimeControl "2700+45"]

1. e4 c6 2. d4 d5 3. Nc3 dxe4 4. Nxe4 Nd7 5. Ng5 Ngf6 6. Bd3 h6 7. Ne6 Qb6 8.
Nxf8 Nxf8 9. Nf3 Bg4 10. c3 Ne6 11. O-O c5 12. Qa4+ Nd7 13. Bb5 Rd8 14. Ne5 Nc7
15. Bxd7+ Bxd7 16. Nxd7 Rxd7 17. dxc5 Qa6 18. Qxa6 Nxa6 19. Be3 O-O 20. Rad1
Rfd8 21. Rxd7 Rxd7 22. Re1 Rc7 23. Bf4 Rd7 24. Be3 f6 25. h3 Rc7 26. b4 Nb8 27.
Rd1 Nc6 28. a4 Kf7 29. b5 Ne5 30. f4 Nc4 31. Bf2 e5 32. fxe5 Nxe5 33. Rd5 Nc4
34. b6 axb6 35. cxb6 Re7 36. Bc5 Ke6 37. Rd4 Nxb6 38. Bxe7 Kxe7 39. Rb4 Nd5 40.
Rxb7+ Kf8 41. a5 Ne7 42. Rxe7 Kxe7 43. a6 {Black resigns} 1-0

[Event "Team 45 45 League T42"]
[Site "Internet Chess Club"]
[Date "2009.09.04"]
[Round "6"]
[White "achessfool"]
[Black "whale5970"]
[Result "0-1"]
[WhiteElo "1459"]
[BlackElo "1615"]
[Opening "French: advance, Paulsen attack"]
[ECO "C02"]
[Time "18:30:20"]
[TimeControl "2700+45"]

1. e4 e6 2. d4 d5 3. e5 c5 4. c3 Nc6 5. Nf3 Qb6 6. a3 Bd7 7. b4 cxd4 8. cxd4 a6
9. Nc3 Nge7 10. Na4 Qa7 11. Bb2 b6 12. Bd3 Ng6 13. O-O Be7 14. Rc1 O-O 15. Re1
Rfc8 16. Qd2 Nxd4 17. Bxd4 Bxa4 18. Bxg6 hxg6 19. Qe3 Bd8 20. Ng5 Qe7 21. f4 Qb7
22. Kh1 Bc6 23. Bxb6 Qxb6 24. Rc5 Be7 25. Rec1 Qb7 26. R1c2 Bxc5 27. Qh3 Kf8 28.
Qh8+ Ke7 29. Qxg7 Be8 30. Qf6+ Kd7 31. Nxf7 Be7 32. Qxg6 Bxf7 33. Qd3 Rxc2 34.
Qxc2 Rc8 35. Qa4+ Qc6 36. Qxc6+ Rxc6 37. h4 Bxh4 38. Kh2 Rc3 39. a4 Ra3 40. g3
Bxg3+ 41. Kh3 Bxf4+ 42. Kg4 Bxe5 43. Kg5 Rxa4 {White resigns} 0-1

[Event "Team 45 45 League T42"]
[Site "Internet Chess Club"]
[Date "2009.09.06"]
[Round "6"]
[White "Zappy"]
[Black "Pillsbury57"]
[Result "1-0"]
[WhiteElo "1532"]
[BlackElo "1415"]
[Opening "Sicilian: accelerated fianchetto, modern variation"]
[ECO "B34"]
[Time "18:30:22"]
[TimeControl "2700+45"]

1. e4 c5 2. Nf3 Nc6 3. d4 cxd4 4. Nxd4 g6 5. Nc3 Bg7 6. Be3 d6 7. Bb5 Bd7 8. O-O
Nf6 9. f4 Ng4 10. Bxc6 Nxe3 11. Bxd7+ Qxd7 12. Qd2 Nxf1 13. Rxf1 e5 14. Ndb5 a6
15. Nxd6+ Kf8 16. fxe5 Qe6 17. Rxf7+ Kg8 18. Nd5 Bf8 19. Nf6+ Qxf6 20. exf6 Bxd6
21. Qxd6 Kxf7 22. Qe7+ Kg8 23. Qg7# {Black checkmated} 1-0

[Event "Team 45 45 League T42"]
[Site "Internet Chess Club"]
[Date "2009.09.03"]
[Round "6"]
[White "BishopMike"]
[Black "imawesome"]
[Result "0-1"]
[WhiteElo "1442"]
[BlackElo "1524"]
[Opening "Sicilian: Hungarian variation"]
[ECO "B27"]
[Time "19:00:24"]
[TimeControl "2700+45"]

1. e4 c5 2. Nf3 g6 3. Bc4 Bg7 4. Nc3 Nc6 5. O-O Nf6 6. d4 cxd4 7. Nxd4 O-O 8.
Re1 Qc7 9. Bg5 Nxd4 10. Qxd4 Ng4 11. e5 Nxe5 12. Rxe5 Qxe5 13. Qxe5 Bxe5 14.
Bxe7 Re8 15. Bg5 b6 16. f4 Bxc3 17. bxc3 Bb7 18. Rd1 Bc6 19. Kf2 Rac8 20. Rd6
Ba4 21. Bd5 Rxc3 22. Rf6 Rxc2+ 23. Kg3 Re7 24. f5 Re5 25. Bxf7+ Kg7 26. h4 Rxf5
27. Rxf5 gxf5 28. Bd5 Bc6 29. Bb3 Rxg2+ 30. Kf4 h6 31. Bd8 Rf2+ 32. Ke5 f4 33.
Bf6+ Kg6 34. h5+ Kxh5 35. Bf7+ Kg4 36. Bg7 h5 37. Bg6 f3 38. Bf5+ Kg3 39. Bg6
Re2+ 40. Kd4 {White resigns} 0-1

[Event "Team 45 45 League T42"]
[Site "Internet Chess Club"]
[Date "2009.09.02"]
[Round "6"]
[White "eurander"]
[Black "Campagnolo"]
[Result "1/2-1/2"]
[WhiteElo "2200"]
[BlackElo "2024"]
[Opening "Ruy Lopez: Worrall attack, sharp line"]
[ECO "C86"]
[Time "20:07:36"]
[TimeControl "2700+45"]

1. e4 e5 2. Nf3 Nc6 3. Bb5 a6 4. Ba4 Nf6 5. Qe2 Be7 6. O-O b5 7. Bb3 O-O 8. c3
d6 9. Rd1 Na5 10. Bc2 c5 11. d4 Qc7 12. d5 Bd7 13. b3 Ne8 14. Nbd2 g6 15. Nf1
Ng7 16. Bh6 f6 17. N3d2 Nb7 18. a4 Rab8 19. axb5 axb5 20. Ra7 Ra8 21. Rda1 Rxa7
22. Rxa7 Qb6 23. Ra2 Rb8 24. b4 cxb4 25. Be3 Qc7 26. cxb4 Qc3 27. Nb3 Qxb4 28.
Ra7 Bd8 29. Bd2 Qc4 {Game drawn by mutual agreement} 1/2-1/2

[Event "Team 45 45 League T42"]
[Site "Internet Chess Club"]
[Date "2009.09.03"]
[Round "6"]
[White "nosalt"]
[Black "pestka"]
[Result "0-1"]
[WhiteElo "2014"]
[BlackElo "2222"]
[Opening "Philidor: Improved Hanham variation"]
[ECO "C42"]
[Time "09:05:57"]
[TimeControl "2700+45"]

1. e4 e5 2. Nf3 Nf6 3. Nc3 d6 4. d4 Nbd7 5. dxe5 dxe5 6. Bc4 Bb4 7. O-O O-O 8.
Nd5 Nxd5 9. Bxd5 c6 10. Bb3 h6 11. Be3 Qe7 12. c3 Bc5 13. Qe2 Nf6 14. Bxc5 Qxc5
15. h3 a5 16. Qc2 Nh5 17. Rad1 Nf4 18. Qd2 a4 19. Bc2 Be6 20. Qd6 Qxd6 21. Rxd6
a3 22. b3 Ne2+ 23. Kh2 Nxc3 24. Nxe5 Nxa2 25. Nd3 Nc3 26. Nc5 Nb5 27. Rdd1 b6
28. Na4 Rab8 29. f4 c5 30. f5 Bc8 31. Ra1 Rd8 32. Rf2 f6 33. Kg3 Kf8 34. Kf4 Rd4
35. Ke3 Bd7 36. Rd2 Bc6 37. Bd1 Rxe4+ 38. Kf2 Rf4+ 39. Kg3 Rxf5 40. Bg4 Re5 41.
Rad1 Re3+ 42. Kf2 Rxb3 43. Rd8+ Rxd8 44. Rxd8+ Ke7 45. Rc8 a2 46. Nxb6 a1=Q 47.
Rxc6 Qd4+ 48. Kf1 Rb1+ 49. Ke2 Rb2+ 50. Kf3 Qf2+ 51. Ke4 Nc3+ 52. Kd3 Qd4#
{White checkmated} 0-1

[Event "Team 45 45 League T42"]
[Site "Internet Chess Club"]
[Date "2009.09.08"]
[Round "6"]
[White "tourettes"]
[Black "Speedy-Reedy"]
[Result "0-1"]
[WhiteElo "1632"]
[BlackElo "1882"]
[Opening "Scandinavian (center counter) defense"]
[ECO "B01"]
[Time "13:08:23"]
[TimeControl "2700+45"]

1. e4 d5 2. exd5 Qxd5 3. Nc3 Qa5 4. g3 Nf6 5. Bg2 c6 6. Nge2 Bg4 7. O-O e6 8. h3
Bh5 9. d3 Bd6 10. g4 Bg6 11. Nf4 Qc7 12. Nxg6 hxg6 13. Qe2 Nbd7 14. a4 O-O 15.
Bd2 Rfe8 16. Rab1 Nb6 17. Qf3 Nbd5 18. Ne4 Nxe4 19. dxe4 Nf6 20. Qb3 Nd7 21. f4
Rad8 22. f5 Nc5 23. Qa2 Bh2+ 24. Kh1 Rxd2 25. fxg6 fxg6 26. b4 Qg3 27. Bf3 Bg1
{White resigns} 0-1

[Event "Team 45 45 League T42"]
[Site "Internet Chess Club"]
[Date "2009.09.07"]
[Round "6"]
[White "Budzo"]
[Black "vollmerj"]
[Result "1-0"]
[WhiteElo "1830"]
[BlackElo "1761"]
[Opening "Grünfeld: 5.e3"]
[ECO "D94"]
[Time "10:01:14"]
[TimeControl "2700+45"]

1. Nf3 Nf6 2. d4 d5 3. c4 g6 4. e3 Bg7 5. Nc3 O-O 6. Be2 b6 7. O-O Bb7 8. Bd2
Ne4 9. Nxd5 Bxd5 10. cxd5 Nxd2 11. Nxd2 Nd7 12. Bf3 Rc8 13. Rc1 Nf6 14. Qb3 a5
15. Rc6 Nd7 16. Rfc1 Nb8 17. R6c4 Na6 18. a3 Qd7 19. Nb1 b5 20. R4c2 b4 21. a4
e6 22. dxe6 Qxe6 23. Qxe6 fxe6 24. Bb7 Ra8 25. Bxa8 Rxa8 26. Rc6 e5 27. d5 e4
28. b3 Be5 29. Nd2 Bd6 30. Nxe4 Nb8 31. R6c2 Be5 32. Ng5 Na6 33. Ne6 Bc3 34. Ng5
Nc5 35. Rxc3 bxc3 36. Rxc3 Na6 37. Ne6 Ra7 38. Rc6 Kf7 39. e4 Ke7 40. Ng5 Nb8
41. Re6+ Kd7 42. Nxh7 Rb7 43. Nf6+ Kd8 44. Re8# {Black checkmated} 1-0